 Dungeon Crawl Stone Soup version 0.30-a0-867-g305f33218d (webtiles) character file.

Game seed: 14532294404929259981

203 Dittersdorf the Trooper (level 5, -10/34 HPs)
             Began as a Gargoyle Fighter on Mar 10, 2023.
             Splashed by a jelly's acid (11 damage)
             ... in a sewer.
             The game lasted 00:02:45 (2084 turns).

Dittersdorf the Trooper (Gargoyle Fighter)          Turns: 2084, Time: 00:02:45

Health: -10/34     AC:  6    Str: 21    XL:     5   Next: 81%
Magic:  5/5        EV:  7    Int:  9    God:
Gold:   85         SH:  4    Dex:  9    Spells: 4/4 levels left

rFire   . . .      SeeInvis +    a - +0 flail
rCold   . . .      Faith    .    c - +0 buckler
rNeg    + . .      Spirit   .    n - +0 chain mail
rPois   ∞          Reflect  .    p - +0 helmet
rElec   +          Rampage  .    (no cloak)
rCorr   .                        (no gloves)
Will    .....                    (no boots) Stlth
                                 (no amulet)
HPRegen 0.25/turn                s - ring of see invisible
MPRegen 0.09/turn                (no ring)

@: corroded
A: sickness immunity, AC +4, negative energy resistance 1, electricity
resistance, torment resistance 1, petrification resistance
a: no special abilities


You were in a sewer.
You visited 1 branch of the dungeon, and saw 3 of its levels.
You also visited: Sewer.

You collected 85 gold pieces.

Inventory:

Hand Weapons
 a - a +0 flail (weapon)
Missiles
 o - a throwing net (quivered)
Armour
 c - a +0 buckler (worn)
 n - a +0 chain mail (worn)
 p - a +0 helmet (worn)
Jewellery
 s - a ring of see invisible (left hand)
Scrolls
 b - a scroll of identify
 j - 2 scrolls of teleportation {unknown}
 k - a scroll of fear {unknown}
 l - a scroll of blinking {unknown}
 m - a scroll of enchant armour {unknown}
 q - a scroll of enchant weapon {unknown}
Potions
 d - a potion of might
 e - 3 potions of haste
 f - a potion of cancellation {unknown}
 g - 2 potions of resistance
 h - a potion of magic {unknown}
 i - a potion of ambrosia {unknown}
 r - a potion of flight {unknown}


   Skills:
 + Level 4.5 Fighting
 + Level 3.2 Maces & Flails
 + Level 4.4 Armour
 + Level 4.4 Shields


You had 4 spell levels left.
You didn't know any spells.
Your spell library contained the following spells:

 Spells                   Type           Power      Damage    Failure   Level
 Ensorcelled Hibernation  Hex/Ice        0%         N/A       100%        2
 Poisonous Vapours        Pois/Air       0%         N/A       100%        2
 Mephitic Cloud           Conj/Pois/Air  0%         N/A       100%        3
 Spider Form              Tmut/Pois      0%         N/A       100%        3
 Anguish                  Hex/Necr       0%         N/A       100%        4
 Cigotuvi's Dreadful Rot  Necr/Pois/Air  Unusable   N/A       N/A         2

Dungeon Overview and Level Annotations

Branches:
Dungeon (3/15)              Sewer (1/1)

Altars:
Dithmenos


Innate Abilities, Weirdness & Mutations

You are immune to sickness and miasma.
Your stone body is resilient. (AC +4)
You are immune to poison.
You resist negative energy. (rN+)
You are resistant to electric shocks. (rElec)
You are resistant to unholy torment.
You are immune to petrification.


Message History

The jelly closely misses you. The jelly hits you but does no damage.
You are too injured to fight recklessly!
You are too injured to fight recklessly!
You are too injured to fight recklessly!
You are too injured to fight recklessly!
You are too injured to fight recklessly!
You are too injured to fight recklessly!
You are too injured to fight recklessly!
You are too injured to fight recklessly!
You are too injured to fight recklessly!
You are too injured to fight recklessly!
You are too injured to fight recklessly!
You are too injured to fight recklessly!
You are too injured to fight recklessly!
You are too injured to fight recklessly!
You are too injured to fight recklessly!
You hit the jelly but do no damage.
Your hands burn!
The jelly is almost dead.
You block the jelly's attack. The jelly hits you but does no damage.
You hit the jelly but do no damage.
Your hands burn!
The jelly is almost dead.
The jelly barely misses you. The jelly hits you but does no damage.
You hit the jelly.
You kill the jelly!
The jelly hits you but does no damage. x2
You hit the jelly.
Your hands burn!
* * * LOW HITPOINT WARNING * * *
The jelly is lightly wounded.
The jelly hits you but does no damage.
You hit the jelly but do no damage.
Your hands burn!
* * * LOW HITPOINT WARNING * * *
The jelly is lightly wounded.
You block the jelly's attack.
You thump the jelly!
Your hands burn!
* * * LOW HITPOINT WARNING * * *
The jelly is heavily wounded.
The jelly hits you.
* * * LOW HITPOINT WARNING * * *
You are splashed with acid!
You die...

##### ##...##
###~~...###
#@~..~..~.##
#J~.~.#~.†~~##
#....#######.~.# ##
#~..## ######~.##
#~~ #..#
##..~.#~~~##~..
.~.~
##∩.....~~.#~.~#
.~.~~
#~.~##..~~~.~~#
[.~..
#~.##~...~~~~##
.~~~##.~#..~##...~#


You could see a jelly.

Vanquished Creatures
  2 jellies (Sewer)
  3 gnolls (D:2)
  2 river rats
  4 adders
  2 worms (D:2)
  5 endoplasms (Sewer)
  6 giant cockroaches
  4 goblins
  2 hobgoblins
  3 jackals (D:1)
  A kobold (D:2)
  5 ball pythons
  5 bats
  8 frilled lizards
  13 rats
65 creatures vanquished.

Notes
Turn   | Place    | Note
-------+----------+-------------------------------------------
     0 | D:1      | Dittersdorf the Gargoyle Fighter began the quest for the
                  | Orb.
     0 | D:1      | Reached XP level 1. HP: 14/14 MP: 1/1
   208 | D:1      | Found a faded altar of an unknown god.
   387 | D:1      | Reached XP level 2. HP: 19/19 MP: 2/2
   687 | D:2      | Reached XP level 3. HP: 5/24 MP: 3/3
   942 | D:2      | Reached XP level 4. HP: 27/29 MP: 4/4
  1030 | D:2      | Found a shadowy altar of Dithmenos.
  1662 | D:3      | Found a glowing drain.
  1666 | Sewer    | Entered a sewer
  1790 | Sewer    | Reached XP level 5. HP: 33/33 MP: 5/5
  2084 | Sewer    | HP: 1/34 [jelly (2)]
  2084 | Sewer    | Splashed by a jelly's acid

Illustrated notes

Levels and vault maps discovered:
D:1:      dpeg_arrival_houses_and_road, layout_loops_ring,
          hellmonk_ecumenical_altar_blasted
D:2:      layout_basic, basic_altar
D:3:      layout_basic, gup_sewer_entry_spiral
Sewer:    sewer_hellmonk_slimy_pipes

Skill      XL: |  1  2  3  4  5 |
---------------+----------------+-----
Fighting       | 4 |  4.5
Armour         | 4 |  4.4
Shields        | 4 |  4.4
Maces & Flails | 3 |  3.2

Action                     |  1- 3 |  4- 6 || total
---------------------------+-------+-------++-------
  Melee: Flail             |   101 |   163 ||   264
    Use: Scroll            |       |     4 ||     4
 Armour: Scale mail        |    25 |       ||    25
         Chain mail        |    32 |   121 ||   153
  Dodge: Dodged            |    35 |    76 ||   111
  Block: Buckler           |    16 |    41 ||    57

Table legend: (Time is in decaauts)
 A = Elapsed time spent in this place.
 B = Non-inter-level travel time spent in this place.
 C = Inter-level travel time spent in this place.
 D = Time resting spent in this place.
 E = Time spent auto-exploring this place.
 F = Levels seen in this place.
 G = Mean time per level.
                   A        B        C        D        E       F      G
               +--------+--------+--------+--------+--------+-----+--------+
         Total |   2200 |   2120 |     80 |    167 |   1306 |   4 |  550.0 |
       Dungeon |   1745 |   1665 |     80 |      0 |   1184 |   3 |  581.7 |
         Sewer |    455 |    455 |      0 |    167 |    122 |   1 |  455.0 |
               +--------+--------+--------+--------+--------+-----+--------+

Top non-repeatable levels by time:
     D:2: 925 daAuts
     D:1: 643 daAuts
   Sewer: 455 daAuts
     D:3: 176 daAuts
